 Dungeon Crawl Stone Soup version 0.31.0-11-ge490571c62 (webtiles) character file.

Game seed: 8772752624352943923

81 Bobbunny the Ruffian (level 4, -4/36 HPs)
             Began as a Demigod Shapeshifter on Jan 30, 2024.
             Killed by nerve-wracking pain
             ... invoked by Grinder
              (11 damage)
             ... on level 3 of the Dungeon.
             The game lasted 00:02:35 (2283 turns).

Bobbunny the Ruffian (Demigod Shapeshifter)         Turns: 2283, Time: 00:02:35

Health: -4/36      AC:  6    Str: 19    XL:     4   Next: 0%
Magic:  6/6        EV: 10    Int: 12    God:
Gold:   132        SH:  0    Dex: 13    Spells: 3/3 levels left

rFire   . .          .
                       - Unarmed
rCold   . . .        (no shield)
rNeg    . . .        f - +0 scale mail
rPois   .            (helmet currently unavailable)
rElec   .            (cloak currently unavailable)
rCorr   .            (gloves currently unavailable)
SInv    .            (boots currently unavailable)
Will    .....        (no amulet) Stlth
                     (no ring)
HPRegen 0.26/turn    (no ring)
MPRegen 0.10/turn

%: no passive effects
@: beast-form
A: beast (slay +1), high MP 1, forlorn, divine attributes
a: Begin Untransformation


You were on level 3 of the Dungeon.
You were a hulking beast.
You visited 1 branch of the dungeon, and saw 3 of its levels.

You collected 132 gold pieces.

Inventory:

Hand Weapons
 p - the +7 mace of Indignation {venom, Fly rF+ rCorr Stlth-}
   (You found it on level 3 of the Dungeon)

   rF+:       It protects you from fire.
   Fly:       It grants you flight.
   rCorr:     It protects you from acid and corrosion.
   Stlth-:    It makes you less stealthy.
Missiles
 m - 5 javelins (quivered)
Armour
 f - a +0 scale mail (worn)
 h - a +0 cloak
Talismans
 c - a beast talisman
 d - a flux talisman
Wands
 n - a wand of quicksilver (8)
 o - a wand of flame (13)
Scrolls
 e - 2 scrolls of enchant weapon {unknown}
 g - a scroll of revelation
 j - a scroll of teleportation
Potions
 b - a potion of lignification
 i - a potion of might {unknown}
 k - a potion of mutation
 l - a potion of resistance


   Skills:
 + Level 2.2 Fighting
 - Level 1.7 Dodging
 + Level 3.4 Unarmed Combat
 + Level 3.3 Shapeshifting


You had 3 spell levels left.
You didn't know any spells.
Your spell library was empty.

Dungeon Overview and Level Annotations

Branches:
Dungeon (3/15)

Annotations:
D:3 Grinder


Innate Abilities, Weirdness & Mutations

You are a hulking beast.
Your limbs bulge with bestial killing power. (Slay +1)
You have an increased reservoir of magic. (+10% MP)
You shall have no god before yourself.
Your divine heritage dramatically boosts your attributes as you level up.


Message History

Grinder hits you.
You writhe in agony.
You barely miss Grinder.
Grinder is heavily wounded.
Grinder gestures at you. You resist with significant effort.
You closely miss Grinder.
Grinder is heavily wounded.
Grinder gestures at you. You resist with significant effort.
You hit Grinder.
Grinder is heavily wounded.
Grinder closely misses you.
You hit Grinder but do no damage.
Grinder is heavily wounded.
Grinder gestures at you. Pain shoots through your body!
You barely miss Grinder.
Grinder is heavily wounded.
Grinder gestures at you. You resist with significant effort.
You hit Grinder but do no damage.
Grinder is heavily wounded.
The rat bites you but does no damage. Grinder hits you.
You writhe in agony.
You closely miss Grinder.
Grinder is heavily wounded.
The rat barely misses you. Grinder hits you but does no damage.
You hit Grinder.
Grinder is severely wounded.
The rat bites you. Grinder barely misses you.
You hit Grinder.
Grinder is severely wounded.
The rat bites you but does no damage. Grinder hits you!
* * * LOW HITPOINT WARNING * * *
You hit Grinder.
Grinder is severely wounded.
The rat bites you but does no damage. Grinder gestures at you.
Pain shoots through your body!
You die...
Grinder sighs, "Dead already?
I want a refund."

### . #.. .. #.. ...###
#.. ......# #[.
......r######## ###
..##.5h......# #
...####..###.###### #
..%.......##......# #
#.#######...#####..# #
###########.# #.#..# #
#...).......#######.##.#
#
#...<.......##......####
#....................##
#......................#


You could see Grinder and a rat.

Vanquished Creatures
  3 gnolls
  A dart slug (D:2)
  3 orcs (D:2)
  6 endoplasms
  3 giant cockroaches
  4 goblins
  4 hobgoblins
  4 kobolds
  A quokka (D:3)
  4 ball pythons
  A bat (D:1)
  6 frilled lizards
  8 rats
48 creatures vanquished.

Notes
Turn   | Place    | Note
-------+----------+-------------------------------------------
     0 | D:1      | Bobbunny the Demigod Shapeshifter began the quest for the
                  | Orb.
     0 | D:1      | Reached XP level 1. HP: 15/15 MP: 3/3
    95 | D:1      | Reached skill level 1 in Fighting
   578 | D:1      | Reached XP level 2. HP: 23/23 MP: 4/4
  1616 | D:2      | Reached XP level 3. HP: 29/29 MP: 5/5
  1915 | D:3      | Noticed Grinder
  2179 | D:3      | Reached XP level 4. HP: 36/36 MP: 6/6
  2204 | D:3      | Identified the +7 mace of Indignation {venom, Fly rF+ rCorr
                  | Stlth-}
  2283 | D:3      | Killed from afar by Grinder

Illustrated notes

Levels and vault maps discovered:
D:1:      lemuel_arrival_room, layout_basic, st_stairs_12
D:2:      layout_loops_corners, kennysheep_generic_room_13
D:3:      layout_rooms, uniq_crazy_yiuf_cottage, uniq_grinder

Skill      XL: |  1  2  3 |
---------------+----------+-----
Fighting       | 1 2 |  2.2
Unarmed Combat | 3 |  3.4
Shapeshifting  | 3 |  3.3
Dodging        | |  1.7

Action                     |  1- 3 |  4- 6 || total
---------------------------+-------+-------++-------
  Melee: Unarmed           |   156 |    14 ||   170
         Punch             |     3 |       ||     3
  Evoke: Wand              |       |     4 ||     4
    Use: Scroll            |       |     5 ||     5
 Armour: Scale mail        |    96 |    10 ||   106
         Animal skin       |     1 |       ||     1
  Dodge: Dodged            |    77 |     3 ||    80
